 Dungeon Crawl Stone Soup version 0.29.0-7-g18a832c13a (webtiles) character file.

Game seed: 2568590061354459542

3 Colgate the Insei (level 1, -2/13 HPs)
             Began as an Octopode Transmuter on Aug 30, 2022.
             Slain by a hobgoblin (4 damage)
             ... on level 1 of the Dungeon.
             The game lasted 00:00:09 (19 turns).

Colgate the Insei (Octopode Transmuter)               Turns: 19, Time: 00:00:09

Health: -2/13      AC:  1    Str:  9    XL:     1   Next: 50%
Magic:  3/3        EV: 13    Int: 15    God:
Gold:   0          SH:  0    Dex: 12    Spells: 3/4 levels left

rFire   . . .      SeeInvis .     - Unarmed
rCold   . . .      Faith    .   (no shield)
rNeg    . . .      Spirit   .   (helmet restricted)
rPois   .          Reflect  .   (no amulet)
rElec   .          Harm     .   (no ring)
rCorr   .          Rampage  .   (no ring)
Will    .....                   (no ring)
Stlth   ++........              (no ring)
HPRegen 0.04/turn               (no ring)
MPRegen 0.08/turn               (no ring)
                                (no ring)
                                (no ring)

@: no status effects
A: almost no armour, amphibious, 8 rings, camouflage 1, gelatinous body 1,
(nimble swimmer 1), tentacles
a: no special abilities


You were on level 1 of the Dungeon.
You visited 1 branch of the dungeon, and saw 1 of its levels.

Inventory:

Potions
 a - a potion of lignification


   Skills:
 - Level 1.0 Fighting
 - Level 2.0 Dodging
 + Level 3.2 Unarmed Combat
 - Level 2.0 Spellcasting
 - Level 2.0 Transmutations


You had 3 spell levels left.
You knew the following spells:

 Your Spells              Type           Power      Damage    Failure   Level
a - Beastly Appendage     Tmut           14%        N/A       10%         1

Your spell library contained the following spells:

 Spells                   Type           Power      Damage    Failure   Level
 Wereblood                Tmut           7%         N/A       14%         2
 Spider Form              Tmut/Pois      4%         N/A       41%         3
 Ice Form                 Ice/Tmut       4%         N/A       82%         4


Dungeon Overview and Level Annotations

Branches:
Dungeon (1/15)

Altars:


Innate Abilities, Weirdness & Mutations

You cannot wear most types of armour.
You are amphibious.
You can wear up to eight rings at the same time.
Your skin changes colour to match your surroundings (Stealth+).
Your rubbery body absorbs attacks. (AC +1, EV +1)
((You are camouflaged when in or above water. (Stealth+)))
You have tentacles for arms and can constrict up to eight enemies at once.


Message History

There are monsters nearby!
A giant cockroach comes into view.
A hobgoblin comes into view.
There are monsters nearby!
You miss the quokka.
The hobgoblin shouts!
You grab the quokka. You constrict the quokka. The quokka closely misses you.
There are monsters nearby!
You tentacle-slap the quokka.
You kill the quokka!
There are monsters nearby!
You tentacle-slap the rat.
You kill the rat!
There are monsters nearby!
The goblin hits you with a +0 club.
There are monsters nearby!
You barely miss the giant cockroach. Your grab misses the giant cockroach.
You squeeze the giant cockroach.
You kill the giant cockroach!
The goblin hits you with a +0 club.
There are monsters nearby!
You are too injured to fight recklessly!
There are monsters nearby!
You are too injured to fight recklessly!
There are monsters nearby!
You are too injured to fight recklessly!
There are monsters nearby!
You are too injured to fight recklessly!
There are monsters nearby!
You closely miss the goblin. Your grab misses the goblin.
The goblin barely misses you.
You closely miss the goblin. Your grab misses the goblin.
The hobgoblin hits you.
* * * LOW HITPOINT WARNING * * *
The goblin closely misses you.
You miss the goblin. You grab the goblin. You constrict the goblin.
The hobgoblin misses you. The goblin barely misses you.
You tentacle-slap the goblin. You squeeze the goblin.
You kill the goblin!
The hobgoblin hits you.
You die...

#.. ⌠.# #..⌠.. ⌠.#
#..~.# ...# #..~..
P..###
##..⌠.####.~....
#...P..P...~....
#...~P~P~)~~....
####.#...$.@g......
...........†.......
#######.#########.#
#.# #.## #).#
♣♣♣.♣♣♣♣♣ ♣<......♣


♣.PPPPP.♣ You could see a hobgoblin.

Vanquished Creatures
  A giant cockroach (D:1)
  A goblin (D:1)
  A quokka (D:1)
  A rat (D:1)
4 creatures vanquished.

Notes
Turn   | Place    | Note
-------+----------+-------------------------------------------
     0 | D:1      | Colgate the Octopode Transmuter began the quest for the
                  | Orb.
     0 | D:1      | Reached XP level 1. HP: 13/13 MP: 3/3
    19 | D:1      | Slain by a hobgoblin

Illustrated notes

Levels and vault maps discovered:
D:1:      tarquinn_simple_flora_water_a, layout_basic,
          shapermc_ecumenical_altar_acropolis

Action                   || total
-------------------------++-------
Melee: Unarmed           ||     8
       Constrict         ||     2
       Tentacles         ||     2
Dodge: Dodged            ||     5
